Map: Acid Plant LE

Players

Elazer - Winner!

  • Race: Zerg Zerg
  • Spawn Location: 5:00

Nice

  • Race: Protoss Protoss
  • Spawn Location: 11:00

Event: WCS Leipzig 2018

VOD

Have the link to the VOD?

Description

Time

  • Played on: Jan. 27, 2018, 5:02 a.m.
  • Length: 12:26

All games in this series

Show
View Real Time Build Order
Export as new Build Order

Elazer Zerg - Winner!

Build Orders: Hatch First 

Get SALT Encoding   

  12  0:00  Drone  
  13  0:12  Overlord  
  13  0:16  Drone  
  14  0:30  Drone x2  
  16  0:47  Hatchery  
  15  0:50  Drone  
  15  0:54  Drone  
  17  0:58  Drone  
  18  1:07  Extractor  
  17  1:13  Spawning Pool  
  17  1:16  Drone  
  17  1:19  Drone  
  18  1:27  Drone  
  19  1:38  Drone  
  20  1:49  Overlord  
  20  2:00  Zergling x4, Queen x2  
  26  2:08  Metabolic Boost  
  26  2:10  Drone  
  26  2:11  Drone  
  28  2:22  Drone x2  
  30  2:34  Hatchery  
  30  2:35  Drone  
  30  2:39  Drone  
  31  2:45  Queen  
  31  2:50  Overlord  
  33  2:53  Drone  
  33  2:55  Drone  
  33  2:58  Drone  
  36  3:10  Drone x2  
  36  3:11  Drone x2  
  40  3:13  Drone  
  40  3:17  Overlord  
  41  3:21  Queen  
  41  3:23  Overlord  
  41  3:25  Drone  
  44  3:35  Lair  
  44  3:37  Drone x2  
  46  3:42  Drone x3  
  46  3:47  Overlord  
  49  3:50  Drone x2, Spore Crawler  
  49  3:53  Zergling x4  
  49  3:55  Drone x2  
  54  3:58  Drone  
  54  3:59  Drone  
  56  4:03  Roach Warren  
  56  4:06  Drone, Extractor  
  56  4:08  Drone  
  56  4:10  Drone  
  56  4:14  Spore Crawler  
  56  4:15  Drone x2  
  58  4:24  Drone x2  
  58  4:26  Extractor  
  58  4:29  Overlord  
  57  4:31  Drone x2  
  57  4:37  Overlord  
  59  4:42  Drone  
  59  4:43  Drone  
  59  4:44  Drone x3, Glial Reconstitution  
  64  4:50  Queen  
  65  4:54  Roach x2  
  68  5:01  Overlord  
  68  5:05  Roach x4  
  76  5:10  Roach x2  
  80  5:14  Overlord  
  80  5:22  Roach x2  
  80  5:27  Roach  
  80  5:28  Roach x2  
  90  5:31  Overlord x2  
  89  5:39  Roach  
  89  5:40  Roach x3  
  97  5:48  Overlord x2  
  97  5:51  Roach  
  97  5:52  Roach x3  
  105  5:58  Overlord  
  105  5:59  Roach x4  
  105  6:04  Overlord  
  113  6:12  Roach  
  113  6:13  Roach x3  
  113  6:14  Zergling x2  
  113  6:15  Zergling x4  
  113  6:16  Ravager  
  113  6:17  Overlord  
  125  6:20  Ravager  
  126  6:27  Zergling x10  
  126  6:29  Ravager  
  126  6:32  Zergling x2  
  133  6:36  Zergling x8  
  137  6:42  Ravager, Overlord  
  137  6:50  Zergling x6  
  137  6:51  Ravager  
  120  7:09  Roach  
  120  7:10  Roach x4  
  112  7:17  Roach x3  
  109  7:27  Roach x2  
  109  7:36  Roach  
  105  7:40  Roach  
  94  7:51  Roach  
  94  7:52  Roach x4  
  95  8:01  Roach  
  95  8:02  Roach x2  
  93  8:09  Roach x2  
  97  8:12  Roach  
  97  8:16  Queen x2  
  97  8:19  Roach  
  97  8:22  Roach x2  
  101  8:29  Roach  
  101  8:30  Hatchery  
  102  8:36  Drone x2  
  102  8:37  Drone, Extractor  
  104  8:42  Drone  
  104  8:46  Burrow  
  105  8:48  Drone x2  
  105  8:49  Drone x3  
  105  8:53  Tunneling Claws  
  105  8:54  Drone x2, Evolution Chamber  
  111  9:01  Drone  
  108  9:06  Overlord  
  108  9:07  Drone  
  108  9:08  Drone  
  110  9:15  Drone x2  
  110  9:16  Drone, Extractor x2  
  110  9:17  Overlord  
  110  9:18  Drone  
  110  9:20  Drone  
  110  9:23  Zerg Missile Weapons Level 1  
  109  9:28  Drone x2  
  109  9:31  Overlord  
  111  9:34  Roach x4  
  111  9:35  Overlord  
  119  9:43  Roach x5  
  129  9:49  Roach x3  
  129  9:50  Roach  
  137  9:52  Overlord  
  137  9:57  Overlord x2  
  137  9:59  Drone, Hydralisk Den  
  137  10:03  Drone  
  137  10:04  Drone x5  
  137  10:05  Drone x2  
  145  10:07  Drone  
  145  10:12  Drone  
  147  10:15  Overlord  
  147  10:17  Roach x4  
  147  10:19  Ravager x5  
  147  10:20  Roach x11  
  147  10:21  Queen  
  160  10:24  Roach x2  
  160  10:27  Roach  
  160  10:28  Roach  
  170  10:29  Muscular Augments  
  170  10:30  Hatchery  
  170  10:33  Overlord  
  169  10:37  Hydralisk x3  
  169  10:41  Hydralisk  
  177  10:47  Hydralisk x4  
  185  10:50  Roach  
  185  10:52  Roach x2  
  185  10:53  Roach  
  185  10:55  Roach  
  189  10:58  Roach x3  
  189  11:00  Roach x4  
  189  11:01  Roach  
  194  11:08  Roach  
  194  11:09  Roach x2  
  198  11:16  Roach x4  
  198  11:17  Roach x3  
  200  11:22  Roach x11, Overlord  
  200  11:23  Overlord x2  
  194  11:29  Overlord  
  181  11:41  Roach x10, Overlord x2  
  181  11:42  Roach x3  
  181  11:43  Roach x2  
  181  11:45  Ravager  
  192  11:52  Roach x5  
  186  11:55  Hydralisk  
  186  11:56  Hydralisk  
  186  12:01  Hydralisk  
Show
View Real Time Build Order
Export as new Build Order

Nice Protoss 

Build Orders: 1 Gate Expand, Oracle Opening, Phoenix Opening, Colossus Rush 

Get SALT Encoding   

  12  0:00  Probe  
  13  0:13  Probe  
  14  0:20  Pylon  
  14  0:25  Probe  
  15  0:38  Probe (Chrono Boost), Gateway  
  16  0:49  Probe (Chrono Boost)  
  17  0:51  Assimilator  
  17  0:54  Probe (Chrono Boost)  
  18  1:04  Probe (Chrono Boost)  
  19  1:13  Probe (Chrono Boost)  
  20  1:19  Probe  
  21  1:27  Nexus  
  21  1:37  Cybernetics Core  
  21  1:42  Assimilator  
  21  1:45  Probe  
  22  1:53  Pylon  
  22  1:57  Probe  
  23  2:11  Probe, Adept (Chrono Boost)  
  26  2:16  Stargate  
  26  2:23  Probe  
  26  2:27  Warp Gate  
  27  2:30  Adept  
  27  2:35  Probe  
  30  2:41  Probe  
  31  2:44  Pylon  
  31  2:47  Probe  
  32  2:55  Probe  
  33  3:00  Phoenix (Chrono Boost)  
  33  3:03  Probe  
  36  3:07  Probe  
  36  3:10  Adept  
  39  3:15  Probe  
  39  3:19  Probe  
  41  3:21  Oracle (Chrono Boost)  
  44  3:27  Probe  
  44  3:28  Gateway  
  44  3:34  Probe (Chrono Boost)  
  46  3:41  Twilight Council  
  47  3:43  Probe (Chrono Boost)  
  47  3:46  Probe (Chrono Boost)  
  48  3:53  Gateway  
  48  3:54  Probe (Chrono Boost)  
  48  3:55  Probe (Chrono Boost)  
  50  3:56  Assimilator  
  50  4:00  Assimilator  
  50  4:02  Probe, Pylon  
  50  4:03  Probe  
  50  4:09  Robotics Facility  
  52  4:15  Probe  
  52  4:16  Probe  
  54  4:31  Adept x2  
  54  4:32  Probe, Resonating Glaives (Chrono Boost)  
  54  4:33  Probe  
  60  4:44  Probe  
  61  4:51  Probe  
  61  5:00  Pylon  
  61  5:02  Pylon  
  61  5:06  Nexus  
  61  5:07  Pylon  
  61  5:08  Robotics Bay  
  61  5:17  Probe  
  61  5:18  Probe, Warp Prism  
  65  5:26  Sentry x2, Pylon  
  69  5:28  Sentry  
  69  5:29  Probe  
  69  5:30  Shield Battery  
  69  5:32  Probe  
  73  5:41  Probe  
  74  5:45  Probe  
  75  5:53  Probe, Colossus (Chrono Boost)  
  82  5:57  Gateway  
  82  6:00  Gateway  
  82  6:01  Gateway  
  82  6:06  Sentry x3  
  86  6:13  Pylon  
  86  6:16  Extended Thermal Lance (Chrono Boost)  
  86  6:22  Pylon  
  86  6:26  Pylon  
  86  6:32  Stalker x3  
  92  6:43  Colossus (Chrono Boost)  
  93  6:59  Stalker x2  
  93  7:01  Stalker  
  93  7:02  Zealot x2  
  93  7:07  Cybernetics Core  
  91  7:20  Zealot  
  89  7:23  Zealot x4  
  89  7:26  Colossus (Chrono Boost)  
  82  7:42  Zealot  
  72  7:44  Stalker x3  
  67  8:04  Stalker  
  64  8:07  Stalker  
  64  8:08  Stalker x2  
  66  8:19  Pylon  
  65  8:33  Sentry x2  
  69  8:41  Immortal (Chrono Boost), Pylon  
  69  8:44  Gateway  
  69  8:47  Adept  
  69  8:48  Adept  
  77  8:50  Gateway  
  77  8:52  Pylon  
  77  9:08  Gateway  
  77  9:10  Sentry, Immortal (Chrono Boost)  
  83  9:23  Sentry  
  83  9:24  Sentry  
  83  9:32  Gateway  
  83  9:34  Gateway  
  83  9:40  Immortal (Chrono Boost)  
  87  9:53  Nexus  
  87  10:05  Pylon  
  87  10:07  Sentry  
  87  10:08  Sentry x2  
  87  10:14  Pylon  
  93  10:15  Pylon  
  93  10:16  Pylon  
  93  10:22  Observer  
  94  10:32  Stalker x3  
  94  10:34  Sentry  
  102  10:43  Stalker  
  84  11:06  Stalker x2  
  84  11:07  Stalker x2  
  82  11:20  Observer (Chrono Boost)  
  75  11:39  Sentry x2  
Tags
 
Add a new tag
Caveats
  • Supply blocks, unpowered buildings, or Contaminate may cause inaccurate times.
  • Supply counts are checked every 10 seconds.